 Dungeon Crawl Stone Soup version 0.29-a0-451-gfbfa42419e (webtiles) character file.

Game seed: 14080856999401097022

65 acebull12 the Poker (level 3, 0/27 HPs)
             Began as a Demonspawn Gladiator on May 19, 2022.
             Slain by a gnoll
             ... wielding a +0 flail
              (3 damage)
             ... on level 1 of the Dungeon.
             The game lasted 00:02:50 (1368 turns).

acebull12 the Poker (Demonspawn Gladiator)          Turns: 1368, Time: 00:02:51

Health: 0/27       AC:  8    Str: 16    XL:     3   Next: 92%
Magic:  3/3        EV: 12    Int:  9    God:
Gold:   76         SH:  0    Dex: 14    Spells: 2/2 levels left

rFire   . . .      SeeInvis .   a - +0 trident
rCold   . . .      Faith    .   (no shield)
rNeg    . . .      Spirit   .   b - +0 leather armour
rPois   +          Reflect  .   c - +0 helmet
rElec   .          Harm     .   (no cloak)
rCorr   .          Rampage  .   (no gloves)
Will    .....                   (no boots)
Stlth   +.........              (no amulet)
HPRegen 0.09/turn               j - ring of poison resistance
MPRegen 0.08/turn               n - +4 ring of protection

@: no status effects
A: ignite blood 1
a: no special abilities


You were on level 1 of the Dungeon.
You visited 1 branch of the dungeon, and saw 2 of its levels.

You collected 76 gold pieces.

Inventory:

Hand Weapons
 a - a +0 trident (weapon)
Missiles
 d - 3 throwing nets (quivered)
 e - a javelin
Armour
 b - a +0 leather armour (worn)
 c - a +0 helmet (worn)
Jewellery
 j - a ring of poison resistance (left hand)
 n - a +4 ring of protection (right hand)
Scrolls
 g - 3 scrolls of identify {unknown}
 h - a scroll of immolation {unknown}
 i - a scroll of enchant weapon {unknown}
 k - a scroll of teleportation {unknown}
 m - a scroll of fear {unknown}
Potions
 f - 2 potions of curing {unknown}
 l - a potion of berserk rage {unknown}


   Skills:
 * Level 2.2 Fighting
 * Level 3.4 Polearms
 - Level 1.7 Throwing
 + Level 1.0 Armour
 + Level 3.3 Dodging
 + Level 0.3 Stealth


You had 2 spell levels left.
You didn't know any spells.
Your spell library contained the following spells:

 Spells                   Type           Power      Damage    Failure   Level
 Gell's Gravitas          Tloc           0%         N/A       83%         3
 Sticky Flame             Conj/Fire      0%         2d3       99%         4
 Summon Forest            Summ/Tloc      0%         N/A       100%        5
 Dispersal                Tloc           0%         N/A       100%        6


Dungeon Overview and Level Annotations

Branches:
Dungeon (2/15)

Altars:


Innate Abilities, Weirdness & Mutations

Your demonic aura sometimes causes spilled blood to erupt in flames.


Message History

You kill the rat!
No target in view!
No target in view!
A worm comes into view.
You reach to attack!
You hit the worm.
The worm is moderately wounded.
You barely miss the worm.
The worm is lightly wounded.
The worm bites you!
You puncture the worm!
The worm is heavily wounded.
You hit the worm.
The worm is severely wounded.
The worm bites you.
You hit the worm but do no damage.
The worm is severely wounded.
The worm bites you.
You puncture the worm!
You kill the worm!
No target in view!
A gnoll comes into view. It is wielding a +0 flail.
A gnoll comes into view. It is wielding a +0 whip.
A gnoll comes into view. It is wielding a +0 club.
A gnoll comes into view. It is wielding a +0 club.
The gnoll attacks as you move away! The gnoll hits you with a +0 flail.
The gnoll attacks as you move away! The gnoll hits you with a +0 flail.
The gnoll shouts!
You hear a shout!
Found a spear.
The gnoll attacks as you move away! The gnoll closely misses you.
There is a stone staircase leading up here.
The gnoll hits you with a +0 flail.
* * * LOW HITPOINT WARNING * * *
You climb upwards.
There is a stone staircase leading down here.
The gnoll hits you with a +0 flail.
* * * LOW HITPOINT WARNING * * *
The gnoll attacks as you move away! The gnoll barely misses you.
The gnoll attacks as you move away! The gnoll closely misses you.
The gnoll attacks as you move away! The gnoll hits you with a +0 flail.
You die...

..#...###.##.####### ####......
###...# #.##.# ##.....
#...###.##.# ##.... #..........#
##.#. ###...###.#### ###. .(....#
#.# #. ##.#..# #.# #) ...#..#
#.############### #.
......###.#.....@g.....>########.
(.........#.###########..........
####.######.# ###########
#........# ##########


You could see a gnoll.

Vanquished Creatures
  3 adders (D:2)
  A worm (D:2)
  2 dart slugs (D:1)
  3 ball pythons
  5 endoplasms (D:1)
  A giant cockroach (D:1)
  2 goblins (D:1)
  2 hobgoblins (D:2)
  3 kobolds
  A quokka (D:1)
  2 bats
  4 frilled lizards
  3 rats (D:2)
32 creatures vanquished.

Notes
Turn   | Place    | Note
-------+----------+-------------------------------------------
     0 | D:1      | acebull12 the Demonspawn Gladiator began the quest for the
                  | Orb.
     0 | D:1      | Reached XP level 1. HP: 16/16 MP: 1/1
   358 | D:1      | Gained mutation: Your demonic aura sometimes causes spilled
                  | blood to erupt in flames. [demonic ancestry]
   358 | D:1      | Reached XP level 2. HP: 9/22 MP: 2/2
   834 | D:1      | Got the Papyrus of the Blaze and Orientation
  1173 | D:2      | Reached XP level 3. HP: 25/27 MP: 3/3
  1260 | D:2      | Reached skill level 1 in Armour
  1307 | D:2      | Found a faded altar of an unknown god.
  1368 | D:1      | Slain by a gnoll

Illustrated notes

Levels and vault maps discovered:
D:1:      beargit_arrival_diablo_church, layout_loops_ring
D:2:      layout_rooms, ebering_ecumenical_altar_hall, nrook_campfire,
          minivault_5

Skill      XL: |  1  2  3 |
---------------+----------+-----
Dodging        | 3 |  3.3
Polearms       | 3 |  3.4
Armour         | 1 |  1.0
Fighting       | |  2.2
Throwing       | |  1.7
Stealth        | |  0.3

Action                   || total
-------------------------++-------
Melee: Trident           ||    98
       Punch             ||     1
 Stab: Sleeping          ||     1
Armor: Leather armour    ||    22
Dodge: Dodged            ||    67

Table legend: (Time is in decaauts)
 A = Elapsed time spent in this place.
 B = Non-inter-level travel time spent in this place.
 C = Inter-level travel time spent in this place.
 D = Time resting spent in this place.
 E = Time spent auto-exploring this place.
 F = Levels seen in this place.
 G = Mean time per level.
                   A        B        C        D        E       F      G
               +--------+--------+--------+--------+--------+-----+--------+
         Total |   1383 |   1254 |    129 |    225 |    780 |   2 |  691.5 |
       Dungeon |   1383 |   1254 |    129 |    225 |    780 |   2 |  691.5 |
               +--------+--------+--------+--------+--------+-----+--------+

Top non-repeatable levels by time:
     D:1: 1163 daAuts
     D:2: 219 daAuts
